 Dungeon Crawl Stone Soup version 0.31-a0-743-g45f7035092 (webtiles) character file.

Game seed: 6625134672645958934

4 Dittersdorf the Trooper (level 1, -2/14 HPs)
             Began as a Gargoyle Fighter on Sept 12, 2023.
             Frozen to death by an endoplasm (4 damage)
             ... on level 1 of the Dungeon.
             The game lasted 00:00:48 (138 turns).

Dittersdorf the Trooper (Gargoyle Fighter)           Turns: 138, Time: 00:00:49

Health: -2/14      AC:  9    Str: 19    XL:     1   Next: 60%
Magic:  1/1        EV:  9    Int:  8    God:
Gold:   12         SH:  4    Dex:  9    Spells: 0/0 levels left

rFire   . . .        a - +0 flail
rCold   . . .        c - +0 buckler
rNeg    + . .        b - +0 scale mail
rPois   ∞            (no helmet)
rElec   +            (no cloak)
rCorr   .            (no gloves)
SInv    .            (no boots)
Will    .....        (no amulet) Stlth
                     (no ring)
HPRegen 0.22/turn    (no ring)
MPRegen 0.07/turn

%: no passive effects
@: no status effects
A: sickness immunity, AC +2, negative energy resistance 1, electricity
resistance, torment resistance 1, petrification resistance
a: no special abilities


You were on level 1 of the Dungeon.
You visited 1 branch of the dungeon, and saw 1 of its levels.

You collected 12 gold pieces.

Inventory:

Hand Weapons
 a - a +0 flail (weapon)
Armour
 b - a +0 scale mail (worn)
 c - a +0 buckler (worn)
Jewellery
 f - a ring of ice
Scrolls
 e - a scroll of enchant armour {unknown}
Potions
 d - a potion of might


   Skills:
 + Level 3.3 Fighting
 + Level 2.1 Maces & Flails
 + Level 3.3 Armour
 + Level 3.3 Shields


You couldn't memorise any spells.
You didn't know any spells.
Your spell library was empty.

Dungeon Overview and Level Annotations

Branches:
Dungeon (1/15)

Altars:


Innate Abilities, Weirdness & Mutations

You are immune to sickness and miasma.
Your stone body is resilient. (AC +2)
You are immune to poison.
You resist negative energy. (rN+)
You are resistant to electric shocks. (rElec)
You are resistant to unholy torment.
You are immune to petrification.


Message History

You are too injured to fight recklessly!
The endoplasm hits you but does no damage.
You block the quokka's attack.
You closely miss the quokka.
The quokka bites you but does no damage.
You barely miss the quokka. The quokka bites you.
* * * LOW HITPOINT WARNING * * *
The quokka bites you but does no damage.
You closely miss the quokka. You block the quokka's attack.
The quokka barely misses you.
You barely miss the quokka.
The quokka bites you but does no damage.
You sock the quokka!
You kill the quokka!
You closely miss the hobgoblin.
The hobgoblin hits you but does no damage.
You barely miss the hobgoblin.
The hobgoblin hits you but does no damage.
The hobgoblin closely misses you.
You hit the hobgoblin but do no damage.
The hobgoblin hits you but does no damage.
You thump the hobgoblin!
You kill the hobgoblin!
You hit the endoplasm.
The endoplasm is lightly wounded.
The endoplasm hits you but does no damage. x2
You barely miss the endoplasm.
The endoplasm is lightly wounded.
The endoplasm freezes you.
You are frozen.
* * * LOW HITPOINT WARNING * * *
You hit the endoplasm.
The endoplasm is heavily wounded.
The endoplasm closely misses you.
You barely miss the endoplasm.
The endoplasm is heavily wounded.
The endoplasm hits you but does no damage.
The endoplasm freezes you.
You are frozen.
You die...

..# #.#
..######## #.#
#......... #.#
..######## #.#
..# #.# ..###
#.# ..).# #.#
....# #.# ....#
#@# #...#
#########J#
.#..#
..........#
.##.#
..........# .#
..# ..........#
.#
#.............#
.#
##...........#
.# ...........#
## ........?.#


You could see an endoplasm.

Vanquished Creatures
  A goblin (D:1)
  A hobgoblin (D:1)
  A quokka (D:1)
3 creatures vanquished.

Notes
Turn   | Place    | Note
-------+----------+-------------------------------------------
     0 | D:1      | Dittersdorf the Gargoyle Fighter began the quest for the
                  | Orb.
     0 | D:1      | Reached XP level 1. HP: 14/14 MP: 1/1
   138 | D:1      | Frozen to death by an endoplasm

Illustrated notes

Levels and vault maps discovered:
D:1:      dpeg_arrival_solitude, layout_basic, serial_shops, nicolae_square_shop

Action                     || total
---------------------------++-------
  Melee: Flail             ||    21
 Armour: Scale mail        ||    24
  Dodge: Dodged            ||     9
  Block: Buckler           ||     4

Table legend: (Time is in decaauts)
 A = Elapsed time spent in this place.
 B = Non-inter-level travel time spent in this place.
 C = Inter-level travel time spent in this place.
 D = Time resting spent in this place.
 E = Time spent auto-exploring this place.
 F = Levels seen in this place.
 G = Mean time per level.
                   A        B        C        D        E       F      G
               +--------+--------+--------+--------+--------+-----+--------+
         Total |    144 |    144 |      0 |      0 |    104 |   1 |  144.0 |
       Dungeon |    144 |    144 |      0 |      0 |    104 |   1 |  144.0 |
               +--------+--------+--------+--------+--------+-----+--------+

Top non-repeatable levels by time:
     D:1: 144 daAuts
